 Dungeon Crawl Stone Soup version 0.30-a0-137-gd8773701ce (webtiles) character file.

Game seed: 12368926758161395311

4 jlumianski the Chopper (level 1, -1/12 HPs)
             Began as a Gargoyle Gladiator on Sept 21, 2022.
             Slain by a kobold
             ... wielding a +0 dagger
              (2 damage)
             ... on level 1 of the Dungeon.
             The game lasted 00:00:16 (176 turns).

jlumianski the Chopper (Gargoyle Gladiator)          Turns: 176, Time: 00:00:17

Health: -1/12      AC:  6    Str: 17    XL:     1   Next: 60%
Magic:  1/1        EV: 12    Int:  8    God:
Gold:   0          SH:  0    Dex: 11    Spells: 0/0 levels left

rFire   . . .      SeeInvis .    a - +0 war axe
rCold   . . .      Faith    .    (no shield)
rNeg    + . .      Spirit   .    b - +0 leather armour
rPois   ∞          Reflect  .    c - +0 helmet
rElec   +          Harm     .    (no cloak)
rCorr   .          Rampage  .    (no gloves)
Will    .....                    (no boots)
Stlth   +.........               (no amulet)
HPRegen 0.04/turn                (no ring)
MPRegen 0.07/turn                (no ring)

@: no status effects
A: sickness immunity, AC +2, negative energy resistance 1, electricity
resistance, torment resistance 1, petrification resistance
a: no special abilities


You were on level 1 of the Dungeon.
You visited 1 branch of the dungeon, and saw 1 of its levels.

Inventory:

Hand Weapons
 a - a +0 war axe (weapon)
Missiles
 d - 3 throwing nets (quivered)
 e - a javelin
Armour
 b - a +0 leather armour (worn)
 c - a +0 helmet (worn)


   Skills:
 + Level 2.2 Fighting
 + Level 2.7 Axes
 + Level 1.7 Throwing
 + Level 0.2 Armour
 + Level 2.5 Dodging


You couldn't memorise any spells.
You didn't know any spells.
Your spell library was empty.

Dungeon Overview and Level Annotations

Branches:
Dungeon (1/15)

Altars:


Innate Abilities, Weirdness & Mutations

You are immune to sickness and miasma.
Your stone body is resilient. (AC +2)
You are immune to poison.
You resist negative energy. (rN+)
You are resistant to electric shocks. (rElec)
You are resistant to unholy torment.
You are immune to petrification.


Message History

The kobold hits you but does no damage.
You slash the kobold!
You kill the kobold!
The quokka twitches its whiskers.
A quokka comes into view.
The rat bites you but does no damage.
You closely miss the rat. The rat bites you. The quokka closely misses you.
You hit the rat.
You kill the rat!
You miss the quokka. The quokka barely misses you. x2
You hit the quokka.
The quokka is almost dead.
You barely miss the quokka.
The quokka bites you but does no damage.
The quokka bites you. The quokka misses you.
You closely miss the quokka.
The quokka is almost dead.
You hit the quokka but do no damage. The quokka barely misses you.
The quokka bites you.
* * * LOW HITPOINT WARNING * * *
The quokka closely misses you. The quokka barely misses you.
You barely miss the quokka.
The quokka is almost dead.
You miss the quokka. The quokka bites you.
* * * LOW HITPOINT WARNING * * *
The quokka barely misses you.
The quokka bites you but does no damage.
You slash the quokka!
You kill the quokka!
You completely miss the quokka. The quokka closely misses you.
The quokka misses you. The kobold barely misses you.
You barely miss the kobold. You closely miss the quokka.
The quokka barely misses you. The kobold closely misses you.
The quokka barely misses you.
You barely miss the kobold. You barely miss the quokka.
The kobold hits you but does no damage. The quokka barely misses you.
You barely miss the kobold. You barely miss the quokka.
The quokka bites you but does no damage.
The kobold hits you with a +0 dagger.
You die...

..#.#.# #...#
..#.#.# #...#
♣.).#.###...#
♣.#........##
.######.##.##### #
#.........# .
#..##.###.# ...
#..##.###.####.....
#..##.....r@K......
#...#####.####.....
.... #.# ... ..# .
.... ♣.♣♣♣ .♣ ♣♣


You could see a quokka and a kobold.

Vanquished Creatures
  A quokka (D:1)
  A goblin (D:1)
  A kobold (D:1)
  2 rats (D:1)
5 creatures vanquished.

Notes
Turn   | Place    | Note
-------+----------+-------------------------------------------
     0 | D:1      | jlumianski the Gargoyle Gladiator began the quest for the
                  | Orb.
     0 | D:1      | Reached XP level 1. HP: 12/12 MP: 1/1
   176 | D:1      | Slain by a kobold

Illustrated notes

Levels and vault maps discovered:
D:1:      kilobyte_arrival_exit_the_forest, layout_loops_corners,
          chequers_ecumenical_altar_grove, serial_forest,
          infiniplex_forest_straight_3, infiniplex_forest_straight_4,
          infiniplex_forest_clump_diagonal, infiniplex_forest_corner_1,
          infiniplex_forest_lined_2, infiniplex_forest_straight_3,
          infiniplex_forest_corner_2, infiniplex_forest_lined_4_way,
          infiniplex_forest_straight_4, minmay_crystal_room

Action                   || total
-------------------------++-------
Melee: War axe           ||    22
Armor: Leather armour    ||    11
Dodge: Dodged            ||    21

Table legend: (Time is in decaauts)
 A = Elapsed time spent in this place.
 B = Non-inter-level travel time spent in this place.
 C = Inter-level travel time spent in this place.
 D = Time resting spent in this place.
 E = Time spent auto-exploring this place.
 F = Levels seen in this place.
 G = Mean time per level.
                   A        B        C        D        E       F      G
               +--------+--------+--------+--------+--------+-----+--------+
         Total |    184 |    184 |      0 |      0 |    141 |   1 |  184.0 |
       Dungeon |    184 |    184 |      0 |      0 |    141 |   1 |  184.0 |
               +--------+--------+--------+--------+--------+-----+--------+

Top non-repeatable levels by time:
     D:1: 184 daAuts
